 Dungeon Crawl Stone Soup version 0.31-a0-167-g1c394c0614 (webtiles) character file.

Game seed: 5340576685055071615

92 qw the Chopper (level 4, -5/28 HPs)
             Began as a Gargoyle Fighter on June 14, 2023.
             Slain by a cerulean imp
             ... wielding a +3 spear
             ... summoned by Natasha
              (6 damage)
             ... on level 3 of the Dungeon.
             The game lasted 00:00:44 (1614 turns).

qw the Chopper (Gargoyle Fighter)                   Turns: 1614, Time: 00:00:45

Health: -5/28      AC: 10    Str: 22    XL:     4   Next: 60%
Magic:  4/4        EV:  9    Int:  8    God:
Gold:   158        SH:  4    Dex:  9    Spells: 3/3 levels left

rFire   . . .        Y - +0 war axe
rCold   . . .        c - +0 buckler
rNeg    + . .        b - +0 scale mail
rPois   inf          (no helmet)
rElec   +            (no cloak)
rCorr   .            (no gloves)
SInv    .            (no boots)
Will    .....        (no amulet) Stlth
                     (no ring)
HPRegen 0.24/turn    (no ring)
MPRegen 0.09/turn

%: no passive effects
@: no status effects
A: sickness immunity, AC +3, negative energy resistance 1, electricity
resistance, torment resistance 1, petrification resistance
a: no special abilities


You were on level 3 of the Dungeon.
You visited 1 branch of the dungeon, and saw 3 of its levels.

You collected 158 gold pieces.


Innate Abilities, Weirdness & Mutations

You are immune to sickness and miasma.
Your stone body is resilient. (AC +3)
You are immune to poison.
You resist negative energy. (rN+)
You are resistant to electric shocks. (rElec)
You are resistant to unholy torment.
You are immune to petrification.


   Skills:
 - Level 3.2 Fighting
 + Level 4.2 Axes
 - Level 3.2 Armour
 - Level 3.2 Shields


You had 3 spell levels left.
You didn't know any spells.
Your spell library was empty.

Inventory:

Hand Weapons
 h - a +0 whip
 Y - a +0 war axe (weapon)
Armour
 b - a +0 scale mail (worn)
 c - a +0 buckler (worn)
Scrolls
 a - a scroll of identify
Potions
 d - 2 potions of might
 e - a potion of haste
 f - a potion of heal wounds {unknown}
 g - 2 potions of curing

Dungeon Overview and Level Annotations

Branches:
Dungeon (3/15)

Altars:

Annotations:
D:3 Natasha


Message History

A worm is nearby!
1600 ||| FLEEEEING.
You feel yourself speed up.
1601 ||| FLEEEEING.
Natasha, Servant of Life and Death comes into view.
Natasha hisses angrily.
Natasha moves out of view.
Natasha casts a spell.
1606 ||| Stepping ~*~*~tactically~*~*~ (hiding).
Natasha mumbles some strange words.
You miss Natasha. Natasha claws you.
You hit Natasha.
Natasha is moderately wounded.
Natasha claws you.
The cerulean imp hits you but does no damage.
Natasha casts a spell.
You hit Natasha.
Natasha is heavily wounded.
The cerulean imp completely misses you. Natasha closely misses you.
The cerulean imp closely misses you.
The cerulean imp hits you but does no damage.
You closely miss Natasha.
Natasha is heavily wounded.
Natasha misses you.
The cerulean imp hits you but does no damage.
The cerulean imp hits you from afar with a +3 spear!
You hit Natasha.
Natasha is almost dead.
Natasha claws you but does no damage. You block the cerulean imp's attack.
The cerulean imp hits you from afar with a +3 spear.
Natasha closely misses you.
You closely miss Natasha.
Natasha is almost dead.
The cerulean imp closely misses you. The cerulean imp barely misses you.
Natasha stares at you and mumbles some strange words.
The magic dart hits you but does no damage.
The cerulean imp hits you but does no damage.
The cerulean imp hits you from afar with a +3 spear.
You die...

........).%...#
..............#
#.............#
#######...#...#
###.#...# #.#...#
#..#####+## ..
##.#......# ...
#@.......#
....###h5.....#
.......5......#
..............#
.........###+#### #
########........##.#
#..........#.#
#........#...####
#..........####..


You could see Natasha and 2 cerulean imps.

Vanquished Creatures
  Natasha (D:3)
  3 adders (D:2)
  A worm (D:1)
  2 dart slugs
  2 bats
  An endoplasm (D:3)
  A giant cockroach (D:1)
  4 goblins
  5 hobgoblins
  3 kobolds
  2 quokkas (D:1)
  4 ball pythons
  2 frilled lizards
  A rat (D:1)
32 creatures vanquished.

Notes
Turn   | Place    | Note
-------+----------+-------------------------------------------
     0 | D:1      | qw the Gargoyle Fighter began the quest for the Orb.
     0 | D:1      | Reached XP level 1. HP: 14/14 MP: 1/1
     0 | D:1      | 0 ||| qw: Version: 0.2-a-29-g1fa15c8
     0 | D:1      | 0 ||| qw: Game counter: 4987
     0 | D:1      | 0 ||| qw: Always use a shield: true
     0 | D:1      | 0 ||| qw: God list: Okawaru
     0 | D:1      | 0 ||| qw: Allow faded altars: false
     0 | D:1      | 0 ||| qw: Do Orc after D:15 true
     0 | D:1      | 0 ||| qw: Do second Lair branch before Depths: true
     0 | D:1      | 0 ||| qw: Lair rune preference: random
     0 | D:1      | 0 ||| qw: Plans: Normal, Zot:1-4, Slime:5, God:TSO, Crypt,
                  | Tomb, Abyss, Pan, Hells, Win
     0 | D:1      | 0 ||| PLANNING D:1-11
    15 | D:1      | 15 ||| Stepping ~*~*~tactically~*~*~ (hiding).
    29 | D:1      | Reached skill level 2 in Axes
   146 | D:1      | Found a faded altar of an unknown god.
   161 | D:1      | Reached XP level 2. HP: 18/19 MP: 2/2
   464 | D:1      | 464 ||| Stepping ~*~*~tactically~*~*~ (stealth).
   539 | D:1      | 539 ||| READING scroll labelled FODDUK COHY.
   540 | D:1      | 540 ||| READING scroll labelled QOCHOTZ WEFAM.
   641 | D:1      | 641 ||| READING scroll labelled UXEMOFFAAGH.
   642 | D:1      | 642 ||| DRINKING 2 viscous inky potions.
   658 | D:2      | 658 ||| STAIRDANCE
   767 | D:2      | Reached skill level 3 in Axes
   767 | D:2      | Reached XP level 3. HP: 23/23 MP: 3/3
   873 | D:2      | 873 ||| Stepping ~*~*~tactically~*~*~ (hiding).
   875 | D:2      | 875 ||| Stepping ~*~*~tactically~*~*~ (hiding).
   877 | D:2      | 877 ||| Stepping ~*~*~tactically~*~*~ (hiding).
   878 | D:2      | 878 ||| Stepping ~*~*~tactically~*~*~ (hiding).
  1168 | D:2      | 1168 ||| Stepping ~*~*~tactically~*~*~ (hiding).
  1176 | D:2      | Reached XP level 4. HP: 28/28 MP: 4/4
  1470 | D:2      | 1470 ||| READING scroll labelled PUPNOM KYUG.
  1518 | D:3      | 1518 ||| Stepping ~*~*~tactically~*~*~ (hiding).
  1539 | D:3      | 1539 ||| Stepping ~*~*~tactically~*~*~ (stealth).
  1579 | D:3      | 1579 ||| Stepping ~*~*~tactically~*~*~ (stealth).
  1583 | D:3      | Noticed Natasha
  1593 | D:3      | Killed Natasha
  1594 | D:3      | Reached skill level 4 in Axes
  1600 | D:3      | 1600 ||| FLEEEEING.
  1601 | D:3      | 1601 ||| FLEEEEING.
  1604 | D:3      | Noticed Natasha
  1606 | D:3      | 1606 ||| Stepping ~*~*~tactically~*~*~ (hiding).
  1612 | D:3      | HP: 6/28 [cerulean imp/+3 spear[Natasha] (7)]
  1613 | D:3      | HP: 1/28 [cerulean imp/+3 spear[Natasha] (6)]
  1614 | D:3      | Slain by a cerulean imp

Levels and vault maps discovered:
D:1:      lemuel_arrival_behind_the_door_small, layout_basic,
          nicolae_ecumenical_snake_handling
D:2:      layout_basic
D:3:      layout_basic, slow_altar_1, hangedman_decor_riveting, uniq_jessica,
          uniq_sigmund, uniq_natasha

Skill      XL: |  1  2  3  4 |
---------------+-------------+-----
Axes           | 2 3 4 |  4.2
Fighting       | |  3.2
Armour         | |  3.2
Shields        | |  3.2

Action                     |  1- 3 |  4- 6 || total
---------------------------+-------+-------++-------
  Melee: War axe           |    83 |    27 ||   110
    Use: Scroll            |     3 |     1 ||     4
         Potion            |     1 |       ||     1
 Armour: Scale mail        |    40 |    18 ||    58
  Dodge: Dodged            |    34 |    16 ||    50
  Block: Buckler           |    13 |     3 ||    16

Table legend:
 A = Non-vault XP
 B = Vault XP
 C = Vault XP percentage of total XP
 D = Non-vault monster count
 E = Vault monster count
 F = Vault count percentage of total count
                 A         B        C        D         E       F
            +---------+---------+-------+---------+---------+-------
      Total |      92 |      40 |  30.3 |      29 |       3 |   9.4
            +---------+---------+-------+---------+---------+-------
        D:1 |      22 |       3 |  12.0 |      10 |       2 |  16.7
        D:2 |      60 |       0 |   0.0 |      14 |       0 |   0.0
        D:3 |      10 |      37 |  78.7 |       5 |       1 |  16.7
            +---------+---------+-------+---------+---------+-------
